 Dungeon Crawl Stone Soup version 0.30-a0-719-gcc4359ea44 (webtiles) character file.

Game seed: 2139368502877911804

49 kae the Insei (level 3, 0/39 HPs)
             Began as a Demonspawn Transmuter on Jan 26, 2023.
             Succumbed to an adder's poison
             ... on level 2 of the Dungeon.
             The game lasted 00:01:40 (990 turns).

kae the Insei (Demonspawn Transmuter)                Turns: 990, Time: 00:01:40

Health: 0/39       AC: 21    Str: 10    XL:     3   Next: 51%
Magic:  6/6        EV:  2    Int: 16    God:
Gold:   766        SH:  0    Dex: 13    Spells: 1/7 levels left

rFire   . . .      SeeInvis .      - Unarmed
rCold   . . .      Faith    .    (no shield)
rNeg    . . .      Spirit   .    (body armour currently unavailable)
rPois   +          Reflect  .    (helmet currently unavailable)
rElec   .          Harm     .    (cloak currently unavailable)
rCorr   .          Rampage  .    (gloves currently unavailable)
Will    .....      NoTele   +    (boots currently unavailable)
Stlth   +                        (no amulet)
HPRegen 0.26/turn                (no ring)
MPRegen 0.10/turn                (no ring)

@: lethally poisoned (0 -> 0), tree-form
A: stationary, stasis, torment immunity, boosted hp, foul stench 1
a: no special abilities


You were on level 2 of the Dungeon.
You were a tree.
You visited 1 branch of the dungeon, and saw 2 of its levels.

You collected 766 gold pieces.


Innate Abilities, Weirdness & Mutations

You are a tree.
Your roots penetrate the ground, keeping you stationary.
You cannot be teleported.
You are immune to unholy pain and torment.
Your maximum health is greatly increased.
Your equipment is partially melded.
You may rarely emit foul miasma when damaged in melee.


   Skills:
 - Level 1.0 Fighting
 - Level 1.7 Dodging
 + Level 3.1 Unarmed Combat
 + Level 2.5 Spellcasting
 * Level 2.8 Transmutations


You had one spell level left.
You knew the following spells:

 Your Spells              Type           Power      Damage    Failure   Level
a - Beastly Appendage     Tmut           22%        N/A       6%          1
b - Wereblood             Tmut           11%        N/A       10%         2
c - Spider Form           Tmut/Pois      6%         N/A       32%         3

Your spell library contained the following spells:

 Spells                   Type           Power      Damage    Failure   Level
 Ozocubu's Armour         Ice            2%         N/A       52%         3
 Ice Form                 Ice/Tmut       6%         N/A       73%         4
 Ozocubu's Refrigeration  Ice            1%         4d7       100%        7

Inventory:

Missiles
 e - 5 stones
Armour
 a - a +0 robe (melded)
 g - a +0 helmet of intelligence (melded)
   (You found it on level 2 of the Dungeon)
Scrolls
 c - a scroll of magic mapping {!r}
 f - a scroll of identify {@r1}

Dungeon Overview and Level Annotations

Branches:
Dungeon (2/15) Zot: 11013

Altars:

Annotations:
D:1 exclusion: gnoll

.#...#..##....#
#.....[.>...
.#............#
#.....#.#.#.
.#..###.###..##
#........##.
..##...#...#..##
.........###.
...#.).#...#...#
########### #.
#..#...#..###..## #.
.#..###..#...#..##
#.
.#...#...#...#...#
#.
.#...#..##...#..♣#
#.###..#..###.###..#
.......#...........#
#.###..#..###.###..#
.#...#..##...# #.# .
...#...#...# .# .
..###..#...# .#
#..#. .#..###.. .#
.#... ...# ..#


There were no monsters in sight!


Message History

You are too injured to fight recklessly! 😮 HP[+1]
An adder comes into view.
The adder hisses angrily.
The dart slug launches a dart at you. The slug dart misses you.
The dart slug closely misses you.
You hit the dart slug. 😕 HP[+1]
You hit the dart slug.
You claw the dart slug, but do no damage.
You headbutt the dart slug.
You kill the dart slug!
You hit the adder. The adder misses you. The adder bites you. 😮 HP[-3] MP[+1]
You take 3 damage, and now have 17/26 hp.
Your mp is fully restored (6).
You closely miss the adder. Your headbutt misses the adder.
The adder bites you. 😮 HP[-1]
You take 1 damage, and now have 16/26 hp.
Unknown command.
You barely miss the adder. Your headbutt misses the adder.
The adder bites you but does no damage.
You barely miss the adder. Your kick misses the adder.
The adder barely misses you. 😮 HP[+1]
You closely miss the adder. The adder bites you.
You are poisoned.
The adder poisons you! 😮 HP[-2]
You take 2 damage, and now have 15/26 hp.
You hit the adder.
You feel sick. The adder bites you.
* * * LOW HITPOINT WARNING * * *
The adder bites you.
* * * LOW HITPOINT WARNING * * *
You are lethally poisoned!
The adder poisons you! 😨 HP[-6]
You take 6 damage, and now have 9/26 hp.
MASSIVE DAMAGE!! (PAUSE)
You hit the adder. Your headbutt misses the adder.
* * * LOW HITPOINT WARNING * * *
You feel very sick. The adder barely misses you. 😱 HP[-3]
You take 3 damage, and now have 6/26 hp.
Unknown command.
You closely miss the adder.
* * * LOW HITPOINT WARNING * * *
You feel sick. The adder barely misses you.
Unknown command.
You miss the adder. Your kick misses the adder. Your punch misses the adder.
Your transformation is almost over.
* * * LOW HITPOINT WARNING * * *
You feel sick.
The adder completely misses you. 😱 HP[-2]
You take 2 damage, and now have 4/26 hp.
You barely miss the adder.
* * * LOW HITPOINT WARNING * * *
You feel sick. The adder bites you.
* * * LOW HITPOINT WARNING * * *
😱 HP[-2]
You take 2 damage, and now have 2/26 hp.
Unknown command.
Okay, then.
Really quaff
b - a potion of lignification {!q}?
Really quaff the potion of lignification?
Your horns disappear.
Your talons disappear.
Your +0 helmet of intelligence unmelds from your body.
You feel clever.
You turn into a tree.
Your +0 helmet of intelligence melds into your body.
Your +0 robe melds into your body.
You feel stupid.
Your roots penetrate the ground.
* * * LOW HITPOINT WARNING * * *
You feel sick.
The adder bites you but does no damage. x2 😱 HP[+1]
You now have 39 max hp (+13).
You hit the adder but do no damage.
* * * LOW HITPOINT WARNING * * *
You feel sick.
The adder bites you but does no damage. 😱 HP[-1]
You take 1 damage, and now have 2/39 hp.
You smack the adder!
You kill the adder!
* * * LOW HITPOINT WARNING * * *
You feel sick.
Unknown command. 😱 HP[-1]
You take 1 damage, and now have 1/39 hp.
You cannot move.
Unknown command.
You cannot move.
There is a lethal amount of poison in your body!
There is a lethal amount of poison in your body!
Unknown command.
There is a lethal amount of poison in your body!
You die...

Skill      XL: |  1  2 |
---------------+-------+-----
Transmutations | 2 |  2.8
Unarmed Combat | 3 |  3.1
Fighting       | |  1.0
Dodging        | |  1.7
Spellcasting   | |  2.5

Action                     || total
---------------------------++-------
  Melee: Unarmed           ||    63
         Kick              ||    14
         Headbutt          ||     9
   Cast: Beastly Appendage ||    18
    Use: Scroll            ||     5
         Potion            ||     1
 Armour: Robe              ||    11
         Skin              ||     3
  Dodge: Dodged            ||    45

Levels and vault maps discovered:
D:1:      lemuel_arrival_funnel, layout_loops_cross
D:2:      layout_loops_ring, nicolae_titane

Notes
Turn   | Place    | Note
-------+----------+-------------------------------------------
     0 | D:1      | kae the Demonspawn Transmuter began the quest for the Orb.
     0 | D:1      | Reached XP level 1. HP: 15/15 MP: 3/3
     0 | D:1      | magus.rc [v1.11.3]
   234 | D:1      | Reached skill level 2 in Transmutations
   354 | D:1      | Gained mutation: You may rarely emit foul miasma when
                  | damaged in melee. [demonic ancestry]
   354 | D:1      | Reached XP level 2. HP: 17/21 MP: 3/5
   373 | D:1      | You add the spells Ozocubu's Armour and Ozocubu's
                  | Refrigeration to your library.
   377 | D:1      | Learned a level 2 spell: Wereblood
   454 | D:1      | Identified a scroll of acquirement
   457 | D:1      | Acquired 666 gold pieces
   908 | D:2      | Reached skill level 3 in Unarmed Combat
   915 | D:2      | Reached XP level 3. HP: 26/26 MP: 4/6
   958 | D:2      | Learned a level 3 spell: Spider Form
   983 | D:2      | HP: 6/26 [poisoned by an adder]
   986 | D:2      | HP: 2/26 [adder (1)]
   990 | D:2      | Succumbed to an adder's poison

Vanquished Creatures
  2 adders (D:2)
  A worm (D:2)
  2 dart slugs
  4 endoplasms
  4 goblins (D:1)
  A hobgoblin (D:1)
  A quokka (D:1)
  A ball python (D:1)
  2 bats
  A frilled lizard (D:1)
  2 kobolds
  3 rats
24 creatures vanquished.

Table legend:
 A = Non-vault XP
 B = Vault XP
 C = Vault XP percentage of total XP
 D = Non-vault monster count
 E = Vault monster count
 F = Vault count percentage of total count
                 A         B        C        D         E       F
            +---------+---------+-------+---------+---------+-------
      Total |      70 |       0 |   0.0 |      24 |       0 |   0.0
            +---------+---------+-------+---------+---------+-------
        D:1 |      27 |       0 |   0.0 |      16 |       0 |   0.0
        D:2 |      43 |       0 |   0.0 |       8 |       0 |   0.0
            +---------+---------+-------+---------+---------+-------

Illustrated notes

Table legend:
 A = Kills in this place as a percentage of kills in entire the game.
 B = Kills by you in this place as a percentage of kills by you in the entire game.
 C = Kills by friends in this place as a percentage of kills by friends in the entire game.
 D = Other kills in this place as a percentage of other kills in the entire game.
 E = Experience gained in this place as a percentage of experience gained in the entire game.
 F = Experience gained in this place divided by the number of levels of this place that you have seen.
                   A       B       C       D       E      F
               +-------+-------+-------+-------+-------+----------------------
         Total | 100.0 | 100.0 |   N/A |   N/A | 100.0 |  35.0
       Dungeon | 100.0 | 100.0 |   N/A |   N/A | 100.0 |  35.0
               +-------+-------+-------+-------+-------+----------------------

Table legend: (Time is in decaauts)
 A = Elapsed time spent in this place.
 B = Non-inter-level travel time spent in this place.
 C = Inter-level travel time spent in this place.
 D = Time resting spent in this place.
 E = Time spent auto-exploring this place.
 F = Levels seen in this place.
 G = Mean time per level.
                   A        B        C        D        E       F      G
               +--------+--------+--------+--------+--------+-----+--------+
         Total |    986 |    965 |     21 |      0 |    751 |   2 |  493.0 |
       Dungeon |    986 |    965 |     21 |      0 |    751 |   2 |  493.0 |
               +--------+--------+--------+--------+--------+-----+--------+

Top non-repeatable levels by time:
     D:1: 838 daAuts
     D:2: 148 daAuts
